Map: Emerald City LE

Players

Ladidum - Winner!

  • Race: Zerg Zerg
  • League: Diamond
  • Spawn Location: 11:00

Xtreme - Winner!

  • Race: Protoss Protoss
  • League: Diamond
  • Spawn Location: 11:00

Massa

  • Race: Terran Terran
  • League: Gold
  • Spawn Location: 5:00

qqq

  • Race: Zerg Zerg
  • League: Platinum
  • Spawn Location: 5:00

VOD

Have the link to the VOD?

Description

Time

  • Played on: Aug. 27, 2020, 7:27 a.m.
  • Length: 5:44
Show
View Real Time Build Order
Export as new Build Order

Ladidum Zerg - Winner!

Build Orders: Hatch First 

Get SALT Encoding   

  12  0:00  Drone  
  13  0:12  Overlord  
  13  0:20  Drone  
  14  0:30  Drone x2  
  16  0:37  Drone  
  17  0:53  Hatchery  
  17  0:55  Drone  
  17  1:00  Drone  
  17  1:02  Extractor  
  17  1:08  Drone  
  18  1:21  Spawning Pool  
  17  1:29  Drone x2  
  19  1:40  Drone  
  20  1:50  Overlord  
  20  2:07  Queen x2  
  20  2:08  Metabolic Boost  
  24  2:18  Drone x2  
  24  2:19  Zergling x4  
  28  2:33  Zergling x6  
  31  2:43  Overlord  
  31  2:44  Overlord  
  31  2:58  Zergling x4  
  33  3:06  Zergling x4  
  35  3:16  Zergling x4  
  35  3:17  Zergling x4  
  39  3:20  Zergling x2  
  39  3:21  Zergling x6  
  43  3:27  Zergling x2  
  43  3:32  Zergling x2  
  45  3:39  Zergling x2  
  46  3:41  Overlord  
  46  3:51  Zergling x10  
  46  3:52  Zergling x2  
  46  3:54  Overlord  
  52  4:06  Zergling x6  
  55  4:17  Zergling x4  
  38  4:51  Zergling x2  
  38  4:52  Zergling x12  
  36  5:10  Zergling x2  
  36  5:11  Zergling x6  
  37  5:23  Zergling x4  
  43  5:34  Hatchery  
  42  5:42  Hatchery  
Show
View Real Time Build Order
Export as new Build Order

Xtreme Protoss - Winner!

Build Orders:  

Get SALT Encoding   

  12  0:00  Probe  
  13  0:12  Probe  
  14  0:17  Pylon  
  14  0:25  Probe  
  15  0:37  Probe (Chrono Boost)  
  15  0:41  Gateway  
  16  0:46  Probe (Chrono Boost)  
  16  0:49  Assimilator  
  17  0:51  Probe (Chrono Boost)  
  18  1:03  Probe (Chrono Boost)  
  19  1:15  Probe (Chrono Boost)  
  20  1:20  Probe (Chrono Boost)  
  21  1:29  Probe  
  21  1:31  Assimilator  
  22  1:33  Cybernetics Core  
  22  1:38  Pylon  
  22  1:41  Probe  
  23  1:57  Probe  
  24  2:06  Adept (Chrono Boost)  
  24  2:11  Warp Gate  
  24  2:15  Twilight Council  
  26  2:16  Probe  
  27  2:29  Adept  
  28  2:35  Probe  
  28  2:36  Nexus  
  29  2:48  Gateway  
  29  2:50  Probe, Resonating Glaives (Chrono Boost)  
  30  3:09  Probe  
  30  3:10  Robotics Facility  
  31  3:31  Pylon  
  31  3:34  Gateway  
  31  3:36  Gateway  
  31  3:47  Probe  
  32  3:48  Pylon  
  32  3:50  Probe  
  33  4:00  Adept x2  
  37  4:08  Warp Prism (Chrono Boost)  
  39  4:13  Probe  
  39  4:15  Probe  
  41  4:25  Probe  
  41  4:27  Probe  
  41  4:29  Adept x2  
  47  4:38  Probe  
  48  4:39  Probe  
  47  5:18  Adept x2  
  47  5:19  Adept x2  
  55  5:21  Probe  
  55  5:22  Probe  
  55  5:25  Assimilator  
  57  5:29  Assimilator  
  57  5:32  Pylon  
  57  5:34  Pylon  
Show
View Real Time Build Order
Export as new Build Order

Massa Terran 

Build Orders: Gas First Reaper Expand 

Get SALT Encoding   

  12  0:01  SCV  
  13  0:13  SCV  
  14  0:19  Supply Depot  
  14  0:25  SCV  
  15  0:31  Refinery  
  15  0:41  SCV  
  16  0:45  Barracks  
  16  0:53  SCV  
  17  1:06  SCV  
  18  1:18  SCV  
  19  1:32  Reaper  
  19  1:37  Command Center  
  20  1:40  SCV  
  21  1:56  Orbital Command  
  21  2:04  Marine  
  21  2:07  Supply Depot  
  22  2:09  Factory  
  22  2:22  SCV  
  23  2:34  SCV  
  24  2:39  Barracks Tech Lab  
  24  2:45  Barracks  
  24  2:48  Barracks  
  24  2:55  Engineering Bay  
  24  2:58  Factory Tech Lab  
  24  2:59  Supply Depot  
  24  3:01  SCV x2  
  26  3:24  Orbital Command, SCV  
  26  3:27  Siege Tank  
  29  3:34  Barracks Reactor  
  29  3:35  Marauder  
  29  3:36  SCV  
  32  3:42  Refinery  
  32  3:44  Barracks Tech Lab  
  32  3:47  Barracks Reactor  
  32  3:48  SCV  
  32  3:52  SCV  
  34  3:59  Missile Turret  
  34  4:01  SCV  
  35  4:07  Missile Turret  
  35  4:09  Marauder  
  37  4:12  Widow Mine  
  37  4:14  Marine x2  
  41  4:17  SCV x2  
  43  4:30  Marauder  
  44  4:32  Marine  
  32  4:58  Marauder  
  32  4:59  Marine x4  
  33  5:06  Widow Mine  
  33  5:17  Marine x4  
  33  5:20  Marauder  
Show
View Real Time Build Order
Export as new Build Order

qqq Zerg 

Build Orders: Hatch First 

Get SALT Encoding   

  12  0:14  Drone x2  
  14  0:37  Hatchery  
  13  0:44  Drone  
  14  0:51  Extractor, Drone  
  14  0:55  Overlord  
  14  1:21  Drone  
  14  1:22  Drone x2  
  17  1:52  Spawning Pool  
  16  1:54  Drone  
  17  2:04  Drone  
  17  2:05  Drone  
  17  2:07  Drone x2  
  20  2:45  Zergling x6  
  20  2:46  Metabolic Boost  
  23  2:53  Drone x3  
  26  3:05  Overlord  
  26  3:07  Hatchery, Drone  
  26  3:24  Drone, Zergling x2  
  26  3:26  Queen  
  30  3:28  Queen  
  32  3:37  Drone, Baneling Nest  
  32  3:39  Drone  
  33  3:43  Drone  
  33  3:44  Drone  
  35  3:48  Drone  
  35  3:53  Overlord  
  36  4:02  Drone, Evolution Chamber  
  36  4:11  Overlord  
  36  4:12  Zergling x4  
  36  4:14  Zergling x2  
  39  4:22  Baneling x5  
  39  4:27  Zergling x4  
  36  4:40  Zergling x6  
  36  4:41  Zergling x10  
  25  4:58  Zergling x2  
  25  4:59  Zergling x2  
  21  5:04  Drone  
  18  5:07  Drone  
  14  5:15  Drone  
  14  5:16  Drone  
Tags
 
Add a new tag
Caveats
  • Supply blocks, unpowered buildings, or Contaminate may cause inaccurate times.
  • Supply counts are checked every 10 seconds.